 Dungeon Crawl Stone Soup version 0.27.0-1-g7a089689b8 (webtiles) character file.

Game seed: 12138824325625955167

11696 freelancePsychic the Frost Mage (level 11, 0/72 HPs)
             Began as a Deep Elf Ice Elementalist on Aug 16, 2021.
             Was a Priest of Vehumet.
             Killed from afar by a manticore (7 damage)
             ... with a volley of spikes
             ... on level 12 of the Dungeon.
             The game lasted 00:36:39 (15246 turns).

freelancePsychic the Frost Mage (DEIE)             Turns: 15246, Time: 00:36:39

Health: 0/72       AC: 11    Str:  6    XL:     11   Next: 52%
Magic:  7/23       EV: 13    Int: 23    God:    Vehumet [***...]
Gold:   466        SH:  0    Dex: 15    Spells: 0/24 levels left

rFire    . . .     SeeInvis +   p - +2 dagger (drain)
rCold    . . .     Faith    .   (no shield)
rNeg     . . .     Spirit   .   r - +2 steam dragon scales
rPois    .         Reflect  .   (no helmet)
rElec    .         Harm     .   z - +2 cloak
rCorr    .         Rampage  .   d - +0 pair of gloves
Will     +....                  (no boots)
Stlth    ++........             f - amulet of magic regeneration
HPRegen  0.22/turn              (no ring)
MPRegen  0.43/turn              v - ring of see invisible

@: about to teleport, spiked, unable to drink, very slightly contaminated
A: no potions
a: Renounce Religion


You were on level 12 of the Dungeon.
You worshipped Vehumet.
Vehumet was most pleased with you.
You visited 3 branches of the dungeon, and saw 14 of its levels.

You collected 728 gold pieces.
You spent 262 gold pieces at shops.

Inventory:

Hand Weapons
 h - a +0 rapier
 p - a +2 dagger of draining (weapon)
Missiles
 D - 3 throwing nets
Armour
 a - a +0 robe
 d - a +0 pair of gloves (worn)
 r - +2 steam dragon scales (worn)
 z - a +2 cloak (worn)
 C - the +4 ring mail of Autumn {Int+5}
   (You found it on level 11 of the Dungeon)

   Int:       It affects your intelligence (+5).
 E - a +0 buckler
Jewellery
 f - an amulet of magic regeneration (around neck)
 t - a ring of fire
 u - an amulet of guardian spirit
 v - a ring of see invisible (right hand)
Wands
 i - a wand of flame (22)
 j - a wand of charming (10)
 y - a wand of acid (9)
Scrolls
 e - 2 scrolls of torment
 k - a scroll of amnesia
 m - 4 scrolls of fog
 s - a scroll of teleportation {@r4}
 w - a scroll of noise
 F - 2 scrolls of enchant weapon
 G - a scroll of blinking
Potions
 b - a potion of flight
 c - 2 potions of berserk rage {unknown}
 g - a potion of curing {@q1}
 l - 5 potions of degeneration
 n - 2 potions of might
 o - 2 potions of mutation {unknown}
 q - a potion of experience {unknown}
 x - a potion of ambrosia {unknown}
 A - a potion of lignification {unknown}
 B - 2 potions of heal wounds {@q2}


   Skills:
 - Level 10.0 Fighting
 + Level 3.7 Dodging
 - Level 2.4 Stealth
 - Level 7.0 Spellcasting
 - Level 5.0 Conjurations
 - Level 6.8 Summonings
 + Level 12.0 Ice Magic


You couldn't memorise any spells.
You knew the following spells:

 Your Spells              Type           Power      Damage    Failure   Level
a - Hailstorm             Conj/Ice       47%        3d11      1%          4
b - Frozen Ramparts       Ice            100%       1d12      1%          3
c - Ozocubu's Armour      Ice            59%        N/A       1%          3
d - Summon Ice Beast      Ice/Summ       51%        N/A       1%          4
e - Ozocubu's Refrigerat  Ice            29%        4d10      12%         7
f - Mephitic Cloud        Conj/Pois/Air  15%        N/A       3%          3

Your spell library contained the following spells:

 Spells                   Type           Power      Damage    Failure   Level
 Freeze                   Ice            100%       1d11      1%          1
 Shock                    Conj/Air       76%        1d7       1%          1
 Sandblast                Erth           16%        2d6       2%          1
 Ice Form                 Ice/Tmut       35%        N/A       6%          4
 Iskenderun's Battlesphe  Conj           31%        2d8       7%          5
 Passwall                 Tmut/Erth      6%         N/A       12%         2
 Airstrike                Air            4%         N/A       19%         4
 Olgreb's Toxic Radiance  Pois           8%         N/A       19%         4
 Fireball                 Conj/Fire      9%         3d6       19%         5
 Swiftness                Air            8%         N/A       22%         3
 Lee's Rapid Deconstruct  Erth           4%         3d6*      45%         5
 Conjure Ball Lightning   Conj/Air       9%         3x3d6     67%         6
 Orb of Destruction       Conj           15%        9d7       87%         7
 Borgnjor's Revivificati  Necr           4%         N/A       100%        8
 Ignition                 Fire           4%         3d4       100%        8
 Necromutation            Tmut/Necr      4%         N/A       100%        8
 Death's Door             Necr           4%         N/A       100%        9


Dungeon Overview and Level Annotations

Branches:
Dungeon (12/15)            Temple (1/1) D:6            Lair (1/6) D:8
    Orc: D:9-12

Altars:
Ashenzari
Cheibriados
Dithmenos
Elyvilon
Fedhas
Hepliaklqana
Kikubaaqudgha
Makhleb
Okawaru
Qazlal
Ru
Sif Muna
Trog
Uskayaw
Vehumet
Wu Jian
Xom
Yredelemnul
Zin
The Shining One

Shops:
D:1 (   D:8 *(   D:9 [   D:12 *

Annotations:
D:2 exclusions: 2 orcs and orc priest
D:4 exclusions: downstairs and phantom
D:8 exclusion: downstairs
D:9 Harold
Lair:1 Sonja


Message History

Casting: Ozocubu's Refrigeration (quite dangerous; 12% risk of failure)
Confirm with . or Enter, or press ? or * to list all spells.
The spell is quite dangerous to cast (12% risk of failure)!
Continue anyway?
You miscast Ozocubu's Refrigeration.
You are very lightly contaminated with residual magic.
Nothing appears to happen.
The warg bites you! The warg bites you but does no damage.
The wraith misses your ice beast.
Your ice beast hits the wraith but does no damage.
Your ice beast closely misses the wraith.
The warg bites you.
Casting: Ozocubu's Refrigeration (quite dangerous; 12% risk of failure)
Confirm with . or Enter, or press ? or * to list all spells.
You don't have enough magic to cast this spell.
There are monsters nearby!
Unknown command.
The warg bites you but does no damage. The wraith hits your ice beast!
The wraith drains your ice beast's vigour!
Your ice beast seems to slow down.
Your ice beast hits the wraith but does no damage.
Your ice beast barely misses the wraith.
The warg closely misses you.
As you read the scroll of teleportation {@r4}, it crumbles to dust.
You feel strangely unstable.
An orc wizard comes into view. It is wielding a +0 dagger.
The warg misses you.
The wraith completely misses your ice beast.
The warg bites you!
* * * LOW HITPOINT WARNING * * *
Your ice beast hits the wraith but does no damage.
The warg barely misses you.
Your ice beast hits the wraith.
Your ice beast freezes the wraith.
The wraith resists.
The wraith misses your ice beast.
Your ice beast hits the wraith but does no damage.
The warg bites you!
* * * LOW HITPOINT WARNING * * *
The wraith closely misses your ice beast.
The manticore flicks its tail.
The volley of spikes hits you!
The barbed spikes become lodged in your body.
You die...

............# .......<..
....o.......# #####.###.
............### #. ##
..)...Y.##..... #.####
.......W##..# #.....
..).....Y...# #..###
..))..H.)h..# #..# #
.......##...# #..###
.......##.h@# #.....
............##### ##.###
................# #.#
.............##.########.#
.............##..>.......#
..........#############
.########.# #.# ..#


You could see a manticore, a wraith (ally target), 2 wargs, an orc wizard
(invisible) and 2 friendly ice beasts.

Vanquished Creatures
  A two-headed ogre (D:11)
  Pikel (D:5)
  A cyclops (D:11)
  A cane toad (Lair:1)
  An unseen horror (D:11)
  13 yaks
  A basilisk (Lair:1)
  A wyvern (D:9)
  A warg (D:8)
  3 water moccasins
  A necrophage (D:11)
  5 sky beasts
  2 black bears
  3 orc warriors
  An ogre (D:7)
  A centaur (D:6)
  A lemure (D:4)
  4 wolves (D:8)
  A kobold brigand (D:4)
  A gnoll sergeant (D:11)
  2 bullfrogs
  A scorpion (D:6)
  A water moccasin zombie (D:5)
  2 water moccasin skeletons
  2 killer bees (D:7)
  13 wights
  A howler monkey (D:12)
  2 centaur zombies
  2 hounds
  2 jellies
  6 orc priests
  2 iguanas
  8 orc wizards
  10 adders
  6 gnolls
  2 dart slugs
  26 orcs
  3 bats
  8 endoplasms
  2 giant cockroaches
  6 goblins
  A hobgoblin (D:3)
  6 jackals (D:4)
  2 quokkas
  8 ball pythons
  2 frilled lizards
  5 kobolds
  5 rats
180 creatures vanquished.

Vanquished Creatures (collateral kills)
  A two-headed ogre (D:10)
  A cyclops (D:11)
  A manticore (D:7)
  A centaur zombie (D:11)
  Maggie (D:9)
  A shadow (D:11)
  A wyvern (D:9)
  A yak (D:8)
  A steam dragon (D:9)
  A warg (D:8)
  Grum (D:8)
  An orc warrior (D:8)
  A sky beast (D:6)
  2 ice beasts (D:7)
  6 necrophages
  An ogre (D:6)
  2 centaurs
  A water moccasin zombie (D:5)
  3 killer bees (D:7)
  10 wights
  An orc priest (D:8)
  Crazy Yiuf (D:6)
  3 iguanas
  2 orc wizards
  A killer bee zombie (D:5)
  A white imp (D:7)
  6 orcs
53 creatures vanquished.

Vanquished Creatures (others)
  A fungus (Lair:1)
  A plant (Lair:1)
  3 withered plants (D:11)
5 creatures vanquished.

Grand Total: 238 creatures vanquished

Notes
Turn   | Place    | Note
-------+----------+-------------------------------------------
     0 | D:1      | freelancePsychic the Deep Elf Ice Elementalist began the
                  | quest for the Orb.
     0 | D:1      | Reached XP level 1. HP: 10/10 MP: 6/6
   183 | D:1      | Found Weuxudawah's Antique Weapon Boutique.
   271 | D:1      | Reached XP level 2. HP: 13/16 MP: 5/8
   709 | D:1      | Reached skill level 1 in Fighting
  1179 | D:2      | Reached skill level 5 in Ice Magic
  1179 | D:2      | Reached XP level 3. HP: 20/20 MP: 7/9
  1183 | D:2      | Learned a level 3 spell: Frozen Ramparts
  1187 | D:2      | Learned a level 3 spell: Ozocubu's Armour
  1582 | D:2      | Found a faded altar of an unknown god.
  1984 | D:3      | Reached XP level 4. HP: 9/26 MP: 6/10
  3054 | D:3      | Reached XP level 5. HP: 31/31 MP: 11/11
  3395 | D:4      | Noticed a phantom
  3596 | D:4      | Reached skill level 1 in Conjurations
  4188 | D:4      | Reached XP level 6. HP: 37/37 MP: 7/12
  4362 | D:4      | Noticed a water moccasin
  4376 | D:4      | Killed a water moccasin
  4644 | D:4      | Reached skill level 1 in Summonings
  4957 | D:4      | Reached XP level 7. HP: 43/43 MP: 8/13
  5284 | D:5      | Entered Level 5 of the Dungeon
  5284 | D:5      | Noticed Pikel
  5867 | D:5      | Killed Pikel
  5868 | D:5      | Reached XP level 8. HP: 30/48 MP: 10/16
  5873 | D:5      | Learned a level 4 spell: Summon Ice Beast
  6326 | D:5      | Reached skill level 6 in Ice Magic
  6756 | D:6      | Found a staircase to the Ecumenical Temple.
  6764 | Temple   | Entered the Ecumenical Temple
  6836 | Temple   | Became a worshipper of Vehumet
  7267 | D:6      | Reached skill level 5 in Fighting
  7517 | D:6      | Reached skill level 7 in Ice Magic
  7891 | D:6      | Found a runed translucent door.
  7892 | D:6      | Noticed Crazy Yiuf
  8041 | D:6      | Killed Crazy Yiuf
  8218 | D:7      | Reached XP level 9. HP: 44/53 MP: 4/17
  8357 | D:7      | Reached * piety under Vehumet
  8357 | D:7      | Offered knowledge of Foxfire by Vehumet.
  8360 | D:7      | Reached skill level 8 in Ice Magic
  9196 | D:7      | Noticed a manticore
  9205 | D:7      | Killed a manticore
  9206 | D:7      | Reached skill level 9 in Ice Magic
  9498 | D:7      | Learned a level 4 spell: Hailstorm
  9525 | D:8      | Noticed Grum
  9926 | D:8      | Reached skill level 5 in Spellcasting
  9927 | D:8      | Reached XP level 10. HP: 63/63 MP: 8/19
 10032 | D:8      | Killed Grum
 10033 | D:8      | Reached skill level 10 in Ice Magic
 10137 | D:8      | Reached ** piety under Vehumet
 10137 | D:8      | Offered knowledge of Poisonous Vapours by Vehumet.
 10345 | D:8      | Found Faesmem's Weapon Shoppe.
 10415 | D:8      | Found a staircase to the Lair.
 10480 | D:8      | Found Fiprol's Gadget Gallery.
 11090 | D:9      | Noticed Maggie
 11099 | D:9      | Killed Maggie
 11197 | D:9      | Reached skill level 5 in Conjurations
 11256 | D:9      | Offered knowledge of Static Discharge by Vehumet.
 11500 | D:9      | Noticed Harold
 11589 | D:9      | Found Iczefair's Armour Shop.
 11870 | Lair:1   | Entered Level 1 of the Lair of Beasts
 11932 | Lair:1   | Noticed a cane toad
 11942 | Lair:1   | Killed a cane toad
 11943 | Lair:1   | Reached skill level 11 in Ice Magic
 12033 | Lair:1   | Learned a level 7 spell: Ozocubu's Refrigeration
 12094 | Lair:1   | Reached *** piety under Vehumet
 12225 | Lair:1   | Noticed Sonja
 12253 | Lair:1   | Noticed a boulder beetle
 12511 | Lair:1   | Found a hide-covered altar of Uskayaw.
 12511 | Lair:1   | Found an ornate altar of the Wu Jian Council.
 12933 | D:10     | Entered Level 10 of the Dungeon
 13044 | D:10     | Reached XP level 11. HP: 67/71 MP: 11/22
 13378 | D:10     | Noticed a two-headed ogre
 13396 | D:10     | Killed a two-headed ogre
 13485 | D:10     | Found a sacrificial altar of Ru.
 13689 | D:11     | Offered knowledge of Mephitic Cloud by Vehumet.
 14029 | D:11     | Identified the +4 ring mail of Autumn {Int+5}
 14080 | D:11     | Noticed a two-headed ogre
 14084 | D:11     | Killed a two-headed ogre
 14520 | D:11     | Reached skill level 10 in Fighting
 15044 | D:11     | Reached skill level 12 in Ice Magic
 15120 | D:12     | Noticed a white ugly thing
 15153 | D:11     | Learned a level 3 spell: Mephitic Cloud
 15168 | D:12     | Found Kerph's Assorted Antiques.
 15187 | D:12     | Bought a scroll of teleportation for 105 gold pieces
 15187 | D:12     | Bought a buckler for 157 gold pieces
 15246 | D:12     | Killed from afar by a manticore

Illustrated notes

Levels and vault maps discovered:
D:1:      sevenhm_arrival_forest_fort_small_6, layout_basic, serial_shops,
          nicolae_shop_stone
D:2:      layout_loops_cross, hellmonk_ecumenical_altar_pennies_from_heaven
D:3:      layout_basic, minmay_pentomino_pile
D:4:      layout_layer_cave, serial_glass, glass_columns_a, glass_columns_b,
          glass_columns_c, glass_columns_b
D:5:      layout_loops_corners, small_statue_intersection, minmay_misc_feat_chi,
          uniq_pikel
D:6:      layout_cave_pools, minmay_temple_entry_drinking_statues,
          minmay_quadrilaterals, uniq_crazy_yiuf_cottage
D:7:      layout_basic, grunt_ministairs_8
D:8:      layout_rooms, erik_lair_orcish_takeover, serial_shops,
          nicolae_inconvenience_store, nicolae_shop_gadgets, uniq_grum
D:9:      layout_gridville, special_room [special_room_orc], serial_shops,
          nicolae_shop_waterfront, uniq_harold, uniq_maggie
D:10:     layout_basic, nicolae_ru_path_of_blood
D:11:     layout_basic, serial_undead, serial_undead_b, serial_undead_a,
          serial_undead_a, serial_undead_f
D:12:     layout_loops_ring, erik_orc_4, serial_shops, shop_statue,
          nicolae_shop_overgrown_old_shop, shop, enter_bailey_3, uniq_gastronok
Temple:   regret_index_temple_sigil_plot
Lair:1:   layout_loops_ring, st_stairs_8, nzn_masters_of_martial_movement,
          grunt_megastairs_4, uniq_sonja

Skill      XL: |  1  2  3  4  5  6  7  8  9 10 11 |
---------------+----------------------------------+-----
Fighting       | 1 2 3 4 5 7 9 10 | 10.0
Ice Magic      | 5 7 9 11 12 | 12.0
Conjurations   | 2 3 5 |  5.0
Summonings     | 1 6 |  6.8
Spellcasting   | 4 5 6 7 |  7.0
Dodging        | 3 |  3.7
Stealth        | |  2.4

Action                   |  1- 3 |  4- 6 |  7- 9 | 10-12 || total
-------------------------+-------+-------+-------+-------++-------
Melee: Rapier            |     8 |       |       |       ||     8
       Dagger            |       |    77 |    84 |    50 ||   211
 Cast: Freeze            |    38 |    27 |     4 |       ||    69
       Frozen Ramparts   |       |    13 |    32 |    18 ||    63
       Ozocubu's Armour  |       |     8 |    20 |    14 ||    42
       Summon Ice Beast  |       |       |    56 |    39 ||    95
       Hailstorm         |       |       |     5 |    97 ||   102
       Ozocubu's Refrige |       |       |       |     4 ||     4
Evoke: Wand              |       |       |     7 |     4 ||    11
  Use: Scroll            |       |     4 |     5 |    13 ||    22
       Potion            |       |       |     4 |     2 ||     6
 Stab: Sleeping          |     7 |     5 |     5 |       ||    17
       Distracted        |       |       |       |     1 ||     1
Armor: Robe              |     2 |    68 |    60 |     5 ||   135
       Steam dragon scal |       |       |       |    36 ||    36
Dodge: Dodged            |    16 |    66 |    99 |    64 ||   245
